 Dungeon Crawl Stone Soup version 0.22.0-36-g8e74550 (webtiles) character file.

648 Terandir the Shield-Bearer (level 7, -5/61 HPs)
             Began as a Minotaur Fighter on Aug 24, 2018.
             Splashed by a jelly's acid (8 damage)
             ... on level 5 of the Dungeon.
             The game lasted 00:05:34 (4352 turns).

Terandir the Shield-Bearer (Minotaur Fighter)       Turns: 4352, Time: 00:05:36

Health: -5/61      AC: -12   Str: 21    XL:     7   Next: 27%
Magic:  0/6        EV:  9    Int:  5    God:
Gold:   174        SH: 10    Dex: 11    Spells: 6/6 levels left

rFire    . . .     SeeInvis .   a - +0 long sword
rCold    . . .     Gourm    .   c - +0 shield
rNeg     . . .     Faith    .   b - +0 scale mail
rPois    .         Spirit   +   (helmet restricted)
rElec    .         Reflect  .   t - scarf {Spirit}
rCorr    .         Harm     .   (no gloves)
MR       .....                  (no boots)
Stlth    ..........             (no amulet)
HPRegen  0.20/turn              (no ring)
MPRegen  0.10/turn              (no ring)

@: corroded
A: retaliatory headbutt, horns 2
a: no special abilities


You were on level 5 of the Dungeon.
You were very hungry.

You visited 2 branches of the dungeon, and saw 6 of its levels.

You collected 174 gold pieces.

Inventory:

Hand Weapons
 a - a +0 long sword (weapon)
Armour
 b - a +0 scale mail (worn)
 c - a +0 shield (worn)
 k - a +1 cloak
 t - a scarf of spirit shield (worn)
Scrolls
 g - a scroll of blinking
 q - 5 scrolls of remove curse
 r - a scroll of amnesia
Potions
 d - a potion of might
 e - 2 potions of haste
 h - 4 potions of lignification
 i - a potion of degeneration {unknown}
 j - a potion of berserk rage {unknown}
 l - a potion of invisibility {unknown}
 m - 2 potions of mutation {unknown}
 n - a potion of magic {unknown}
 o - 3 potions of curing {unknown}
 p - a potion of heal wounds {unknown}
 s - 2 potions of flight {unknown}
Comestibles
 f - 12 rations


   Skills:
 * Level 5.0 Fighting
 * Level 5.8 Long Blades
 * Level 5.5 Armour
 * Level 2.6 Dodging
 * Level 5.8 Shields


You had 6 spell levels left.
You didn't know any spells.
Your spell library was empty.

Dungeon Overview and Level Annotations

Branches:
Dungeon (5/15)             Temple (1/1) D:4

Altars:
Dithmenos
Elyvilon
Gozag
Hepliaklqana
Kikubaaqudgha
Nemelex Xobeh
Okawaru
Ru
Uskayaw
Wu Jian
Xom
Yredelemnul
Zin
The Shining One


Innate Abilities, Weirdness & Mutations

You reflexively headbutt those who attack you in melee.
You have a pair of horns on your head.


Message History

You hit the jelly.
Your hands burn!
* * * LOW HITPOINT WARNING * * *
The jelly is heavily wounded.
The jelly closely misses you.
You hit the jelly.
Your hands burn!
* * * LOW HITPOINT WARNING * * *
You headbutt the jelly.
The jelly is severely wounded.
The jelly hits you.
* * * LOW HITPOINT WARNING * * *
The acid corrodes you!
You are splashed with acid!
The acid burns!
* * * LOW HITPOINT WARNING * * *
You hit the jelly but do no damage.
Your hands burn!
* * * LOW HITPOINT WARNING * * *
You headbutt the jelly, but do no damage.
The jelly is severely wounded.
The jelly hits you.
* * * LOW HITPOINT WARNING * * *
You are splashed with acid!
The acid burns!
You die...

#....####...#####...
##....###...## #...
#..........## ##...
##........## #....
#.......## ##.<..
######.....## ##..###
....##....## ##..## #
...........## ###..##
.........@...####...##
.........J.........##
#.................#
#................##
#.................#
#...................#
##.........######.....
#........## ##.....
#.......## #.>..


You could see a jelly.

Vanquished Creatures
  An ice beast (D:5)
  A phantom (D:4)
  An ogre (D:4)
  A crimson imp (D:5)
  2 hounds (D:4)
  Natasha (D:2)
  A worker ant (D:5)
  7 gnolls
  8 adders
  An ooze (D:5)
  4 worms
  A dart slug (D:1)
  7 leopard geckos
  7 orcs
  4 giant cockroaches
  12 goblins
  4 hobgoblins
  5 jackals
  4 kobolds
  A quokka (D:3)
  10 bats
  2 frilled lizards (D:1)
  A giant cockroach zombie (D:5)
  A leopard gecko zombie (D:5)
  A quokka skeleton (D:4)
  4 rats (D:1)
92 creatures vanquished.

Notes
Turn   | Place    | Note
-------+----------+-------------------------------------------
     0 | D:1      | Terandir the Minotaur Fighter began the quest for the Orb.
     0 | D:1      | Reached XP level 1. HP: 19/19 MP: 0/0
   122 | D:1      | Reached XP level 2. HP: 27/27 MP: 1/1
  1082 | D:2      | Reached XP level 3. HP: 33/33 MP: 2/2
  1251 | D:2      | Noticed Natasha
  1254 | D:2      | Killed Natasha
  1357 | D:2      | Reached skill level 1 in Dodging
  1416 | D:2      | Reached XP level 4. HP: 32/40 MP: 3/3
  1792 | D:3      | Found a sacrificial altar of Ru.
  1816 | D:3      | Reached XP level 5. HP: 33/47 MP: 4/4
  2173 | D:3      | Found a hazy altar of Hepliaklqana.
  2174 | D:3      | Found a shimmering altar of Xom.
  2174 | D:3      | Noticed a yak
  2175 | D:3      | Noticed a spectral ugly thing
  2175 | D:3      | Noticed a yak
  2504 | D:4      | Noticed a phantom
  2577 | D:4      | Killed a phantom
  2577 | D:4      | Reached skill level 5 in Long Blades
  2577 | D:4      | Reached XP level 6. HP: 23/53 MP: 5/5
  2791 | D:4      | Reached skill level 5 in Shields
  2943 | D:4      | Reached skill level 5 in Armour
  3092 | D:4      | Found a staircase to the Ecumenical Temple.
  3145 | Temple   | Entered the Ecumenical Temple
  3899 | D:5      | Entered Level 5 of the Dungeon
  3915 | D:5      | Reached XP level 7. HP: 53/60 MP: 6/6
  4017 | D:5      | Reached skill level 5 in Fighting
  4225 | D:5      | Found an ornate altar of the Wu Jian Council.
  4352 | D:5      | HP: 3/61 [jelly (1)]
  4352 | D:5      | Splashed by a jelly's acid

Skill      XL: |  1  2  3  4  5  6  7 |
---------------+----------------------+-----
Shields        | 4 5 |  5.8
Armour         | 4 5 |  5.5
Fighting       | 4 5 |  5.0
Long Blades    | 3 4 5 |  5.8
Dodging        | 1 2 |  2.6

Action                   |  1- 3 |  4- 6 |  7- 9 || total
-------------------------+-------+-------+-------++-------
Melee: Long sword        |    70 |   172 |    27 ||   269
       Headbutt          |    18 |    23 |    10 ||    51
  Use: Scroll            |     7 |     5 |       ||    12
  Eat: Chunk             |     1 |     8 |     1 ||    10
Armor: Scale mail        |    41 |    83 |    10 ||   134
Dodge: Dodged            |    17 |    75 |    10 ||   102
Block: Shield            |    38 |   116 |    10 ||   164
       Rpst.: Long sword |     8 |    25 |     3 ||    36
